male, chaotic male human Rogue ------------ |..........-# ---------- |.....(....|# |..).....| |.......||.|# |..>.....| |||...^(..||# ###........$| |..........|# # |...(....| # ------------#### |..#.....| ## `## ##-.........###### # ### # --|------- # ------------ ### #### # # ### |..........| # #### # # # |..........-################### # # ### #@# |..........| # #####)#### # & |..%.......-##### # # #-----# ## ### |..........| # --|--- ### #|...|# --.------------#%####### ^ |%.........| ###|....| # |....#####..<...........|# ###--+----|- ------------ #+.....## |.$.|# |.............|# #.%......| |....| -----#####.....@..^.....-######||......| ------ ---------------# --------- male the Pilferer Experience level: 11 Strength: 16 Dexterity: 16 Constitution: 18 Intelligence: 8 Wisdom: 15 Charisma: 10 Health: 0(73) Energy: 51(51) Def: 17 Gold: 0 Moves: 26313 Dungeon seed: PqE9Crn2Kk7YKVvy Game ID: male_1557569919 Your Inventory: Amulets x - an uncursed amulet of reflection (being worn) Weapons m - an uncursed +1 dwarvish short sword (weapon in hand) s - 15 uncursed +0 daggers (in quiver) E - an uncursed +1 dagger V - 2 uncursed +0 elven daggers Armor e - an uncursed +1 elven cloak (being worn) q - an uncursed +0 dwarvish iron helm of clairvoyance named clar (being worn) r - an uncursed +0 pair of leather gloves (being worn) z - an uncursed +0 small shield (being worn) C - an uncursed +0 pair of iron shoes of drain resistance named level-drain resist (being worn) M - an uncursed +0 dwarvish mithril-coat (being worn) Comestibles W - an uncursed male lizard corpse Rings b - an uncursed ring of invisibility u - an uncursed ring of teleport control named teleport control (on right hand) L - an uncursed ring of slow digestion (on left hand) Wands v - an uncursed wand of digging (0:0) B - an uncursed wand of teleportation (0:2) D - an uncursed wand of cancellation (0:2) R - an uncursed wand of light (0:5) Tools f - an uncursed +0 unicorn horn g - an uncursed towel i - a blessed +0 unicorn horn K - an uncursed skeleton key P - an uncursed magic whistle S - an uncursed stethoscope U - a blessed bag of holding X - an uncursed expensive camera (0:69) Gems k - an uncursed fluorite stone n - an uncursed luckstone Contents of the bag of holding: 510 gold pieces a blessed amulet of unchanging an uncursed +1 dagger 9 uncursed poisoned +0 darts an uncursed +0 cloak of displacement an uncursed +2 pair of iron shoes an uncursed cream pie 10 uncursed food rations an uncursed fortune cookie an uncursed lembas wafer an uncursed male lizard corpse an uncursed pancake an uncursed tripe ration an uncursed scroll of charging named 150 an uncursed scroll of confuse monster 3 uncursed scrolls of earth an uncursed scroll of enchant weapon an uncursed scroll of fire a blessed scroll of magic mapping an uncursed scroll of magic mapping 4 blessed scrolls of remove curse an uncursed scroll of stinking cloud an uncursed scroll of summoning a blessed scroll of taming 2 uncursed scrolls of teleportation an uncursed potion of booze a blessed potion of enlightenment 5 uncursed potions of extra healing 2 uncursed potions of full healing a cursed potion of full healing a cursed potion of gain level an uncursed potion of healing 3 potions of holy water a blessed potion of levitation an uncursed potion of paralysis an uncursed +0 ring of carrying an uncursed ring of cold immunity an uncursed ring of conflict an uncursed ring of see invisible an uncursed ring of shock immunity an uncursed ring of slow digestion a cursed ring of slow digestion an uncursed ring of stealth an uncursed ring of sustain ability an uncursed wand of enlightenment (0:15) an uncursed wand of enlightenment (0:6) a cursed wand of lightning (0:2) a cursed wand of magic missile (0:2) an uncursed wand of nothing (0:7) an uncursed wand of nothing (0:0) an uncursed wand of polymorph (0:5) an uncursed wand of polymorph (0:5) an uncursed wand of sleep (0:3) an uncursed wand of sleep (0:2) a blessed wand of speed monster (0:0) an uncursed wand of striking (0:0) an uncursed wand of summoning (0:0) an uncursed wand of teleportation (0:5) an uncursed wand of undead turning (0:3) a cursed wand of undead turning (0:3) an uncursed horn of plenty (0:14) an uncursed +0 pick-axe 2 uncursed tallow candles (0:200) an uncursed +0 unicorn horn an uncursed +0 unicorn horn 2 uncursed wax candles (0:400) 4 uncursed amethyst stones 3 uncursed black opals 2 uncursed chrysoberyl stones an uncursed citrine stone an uncursed fluorite stone an uncursed jade stone an uncursed sapphire Spells and supernatural/magical abilities: Name Level Category Cost Memory f - fireball 4 attack 4000pw 91% l - light 1 divination 1000pw 96% n - detect monsters 1 divination 1000pw 91% r - remove curse 3 clerical 3000pw 100% u - confuse monster 2 enchantment 2000pw 91% I - identify 2 divination 2000pw 91% W - pray for help -- divine ? -- Your skills at the end: Fighting Skills wands [Basic] Weapon Skills dagger [Expert] short sword [Expert] Spellcasting Skills Final Attributes: You were piously aligned. You were fire resistant. You were cold resistant. You were poison resistant. You were level-drain resistant. You were telepathic. You had automatic searching. You were clairvoyant. You were visible. You were stealthy. You aggravated monsters. You could teleport. You had teleport control. You had slower digestion. You were protected. You were fast. You had reflection. You were extremely lucky. You had extra luck. Bad luck did not time out for you. Good luck did not time out for you. You last prayed 1174 turns ago. Kos favoured you very deeply. You are dead. Vanquished creatures: a balrog 5 giant mimics a zruty a large mimic 3 couatls a giant mummy a black naga a xorn 2 wargs a winter wolf 2 small mimics a warhorse an ogre lord 2 quantum mechanics 3 trolls a wood golem a gelatinous cube 4 large dogs 2 freezing spheres a flaming sphere a large cat 2 tigers 3 gargoyles 7 dwarf kings 3 tengu 3 leocrottas 5 stone giants 2 pythons a wraith 2 carnivorous apes an ettin zombie 2 leather golems 2 watchmen 2 chameleons 3 crocodiles a giant beetle 2 quivering blobs 4 cockatrices 4 wolves 2 lynxes 2 panthers a spotted jelly 10 leprechauns 2 orc-captains 4 iron piercers a giant spider 4 scorpions 3 horses a black light 8 gnome kings a dwarf mummy 3 brown puddings a rust monster an owlbear 2 yetis a gold golem a werewolf a Green-elf 6 lizards 8 chickatrices a dog 2 dingos 2 housecats 2 jaguars 6 dwarf lords 3 blue jellies a white unicorn 3 gray unicorns 4 dust vortices 2 ravens a plains centaur a gnome mummy a snake 4 apes 6 human zombies 2 rope golems 2 soldier ants 3 fire ants 2 wood nymphs 3 water nymphs 5 mountain nymphs 9 Mordor orcs 10 Uruk-hai 16 orc shamans 6 rock piercers 5 rock moles 3 ponies 4 fog clouds 11 yellow lights a shrieker 3 violet fungi 13 gnome lords 6 gnomish wizards a red naga hatchling a golden naga hatchling 2 gray oozes 2 barrow wights 10 elf zombies 4 ghouls 2 straw golems 2 paper golems 3 baby crocodiles 13 giant ants a little dog 8 floating eyes a kitten 21 dwarves a kobold lord 4 kobold shamans 18 hill orcs 8 rothes 2 rabid rats 5 centipedes 6 giant bats a monkey an orc zombie 3 dwarf zombies 2 wererats 4 werejackals 6 iguanas 7 killer bees 7 acid blobs 9 coyotes 3 gas spores 8 hobbits 8 manes 4 large kobolds 6 hobgoblins 9 giant rats 10 cave spiders 6 yellow molds 4 green molds a red mold 66 gnomes 19 garter snakes 2 gnome zombies 7 geckos 29 jackals 3 foxes 7 goblins 2 sewer rats 21 grid bugs 5 bats 9 lichens a kobold zombie 16 newts 692 creatures vanquished. Voluntary challenges: You had been an atheist until turn 3770. You used a wielded weapon 999 times, starting on turn 238. You read items or engraved 95 times, starting on turn 4. You never genocided any monsters. You never polymorphed an object. You never changed form. You used no wishes. You never split a pudding. You wrote Elbereth's name 28 times, starting on turn 1839. You violated your moral code, losing 192 points of alignment, starting on turn 19372. Dungeon overview: The Dungeons of Doom: levels 1 to 14 Level 1 a long staircase Level 2 a general store Level 3 a fountain stairs to The Gnomish Mines Level 4 an altar to Kos Level 5 a potion shop, a vault Level 6 (unicorn) a fountain Level 7 a fountain, a sink Level 8 many fountains Level 9 a fountain stairs to Sokoban Level 10 Level 11 a fountain Level 12 <- You were here a sink Level 13 some fountains Level 14 The Gnomish Mines: levels 4 to 12 Level 4 stairs to The Dungeons of Doom Level 5 Level 6 some shops, a temple to Kos, some fountains Level 7 Level 8 Level 9 Level 10 Level 11 Level 12 many altars to Moloch, some fountains Sokoban: levels 5 to 8 Level 5 Solved Level 6 Solved Level 7 Solved Level 8 Solved stairs to The Dungeons of Doom History has recorded: On T:1 you entered the Dungeons of Doom to retrieve the Amulet of Yendor! On T:196 you reached level 2 of The Dungeons of Doom. On T:987 you advanced to experience level 2. On T:1237 you advanced to experience level 3. On T:1498 you reached level 3 of The Dungeons of Doom. On T:1566 you reached level 1 of The Gnomish Mines. On T:1699 you reached level 4 of The Dungeons of Doom. On T:1850 you advanced to experience level 4. On T:2237 you advanced to experience level 5. On T:2990 you reached level 2 of The Gnomish Mines. On T:3318 you advanced to experience level 6. On T:3594 you reached level 3 of The Gnomish Mines. On T:4157 you advanced to experience level 7. On T:5078 you reached level 4 of The Gnomish Mines. On T:6275 you reached level 5 of The Dungeons of Doom. On T:7016 you reached level 6 of The Dungeons of Doom. On T:7369 you reached level 7 of The Dungeons of Doom. On T:8676 you reached level 5 of The Gnomish Mines. On T:8759 you advanced to experience level 8. On T:9926 you reached level 6 of The Gnomish Mines. On T:10327 you reached level 7 of The Gnomish Mines. On T:10704 you reached level 8 of The Gnomish Mines. On T:10891 you reached level 9 of The Gnomish Mines. On T:13373 you reached level 8 of The Dungeons of Doom. On T:13472 you advanced to experience level 9. On T:13537 you reached level 9 of The Dungeons of Doom. On T:13938 you reached level 4 of Sokoban. On T:14223 you reached level 3 of Sokoban. On T:14805 you reached level 2 of Sokoban. On T:15136 you reached level 1 of Sokoban. On T:16827 you reached level 10 of The Dungeons of Doom. On T:17562 you reached level 11 of The Dungeons of Doom. On T:20149 you advanced to experience level 10. On T:20165 you advanced to experience level 11. On T:23412 you reached level 12 of The Dungeons of Doom. On T:23414 you reached level 13 of The Dungeons of Doom. On T:23734 you reached level 14 of The Dungeons of Doom. Score breakdown: Gold: 510 ( 9213 points) Experience: 11 levels (17616 points) Exploration: 14 levels ( 29.17%) (15777 points) Discoveries: 102 items ( 33.77%) (17434 points) Valuables value: (no points given unless you survive) Artifact value: 0 ( 0 points) Variety of kills: 146 monsters ( 38.42%) (18595 points) Turncount: 26313 turns (-3807 points) Survival: died (score multiplied by 80%) Total score: 59862 Latest messages: The Grey-elf shudders for a moment. You hear some noises in the distance. Suddenly, the wraith disappears out of sight. You hear some noises in the distance. It is missed. It is hit. You hear some noises in the distance. You hit the gnome queen! The gnome queen just misses! You hit the gnome queen! (2x) You hear some noises in the distance. The gnome queen hits! You hear some noises nearby. You kill the gnome queen! You hear some noises in the distance. You see here a gnome queen corpse. You hear some noises in the distance. You hit the marilith! The marilith hits! (2x) The marilith misses. The marilith hits! (3x) You hear some noises in the distance. The marilith hits! (6x) You hit the marilith! The marilith hits! (3x) You die... Final status: Goodbye male the Rogue, killed by a marilith... You died in The Dungeons of Doom on dungeon level 12 with 59862 points, and 510 pieces of gold, after 26313 moves. You were level 11 with a maximum of 73 hit points when you died.